 Dungeon Crawl Stone Soup version 0.30-a0-743-gbfdf073431 (webtiles) character file.

Game seed: 14321932202423319664

438 hikkokomori the Shooter (level 7, -4/81 HPs)
             Began as a Formicid Hunter on Feb 8, 2023.
             Slain by a scorpion (5 damage)
             ... on level 4 of the Dungeon.
             The game lasted 00:03:14 (2632 turns).

hikkokomori the Shooter (Formicid Hunter)           Turns: 2632, Time: 00:03:14

Health: -4/81      AC: 23    Str: 22    XL:     7   Next: 22%
Magic:  7/7        EV:  2    Int:  8    God:
Gold:   21         SH:  0    Dex: 19    Spells: 6/6 levels left

rFire   + . .      SeeInvis .    a - +0 shortbow
rCold   + . .      Faith    .    (no shield)
rNeg    . . .      Spirit   .    (body armour currently unavailable)
rPois   +          Reflect  .    (helmet unavailable)
rElec   +          Harm     .    (cloak currently unavailable)
rCorr   +          Rampage  .    (gloves currently unavailable)
Will    .....                    (boots currently unavailable)
Stlth   +++                      (no amulet)
HPRegen 0.33/turn                h - +6 ring of strength
MPRegen 0.10/turn                (no ring)

@: tree-form, resistant, invisible
A: stationary, stasis, torment immunity, boosted hp, permanent stasis, dig
shafts and tunnels, (antennae 3), four strong arms
a: no special abilities


You were on level 4 of the Dungeon.
You were a tree.
You visited 1 branch of the dungeon, and saw 4 of its levels.

You collected 89 gold pieces.
You spent 68 gold pieces at shops.

Inventory:

Hand Weapons
 a - a +0 shortbow (weapon)
Armour
 c - a +0 leather armour (melded)
 j - a +0 cloak (melded)
Jewellery
 h - a +6 ring of strength (left branch)
 r - an amulet of faith
Scrolls
 b - 2 scrolls of immolation
 d - 2 scrolls of noise {unknown}
 f - a scroll of fog {unknown}
 g - 6 scrolls of identify {unknown}
 l - a scroll of poison
 p - a scroll of blinking {unknown}
 q - 2 scrolls of magic mapping {unknown}
 v - a scroll of enchant weapon {unknown}
 w - a scroll of fear {unknown}
Potions
 e - a potion of resistance
 i - a potion of invisibility
 k - a potion of experience {unknown}
 m - 2 potions of lignification
 n - a potion of might {unknown}
 o - a potion of haste
 t - a potion of magic {unknown}
 u - a potion of brilliance {unknown}


   Skills:
 + Level 4.0 Fighting
 * Level 6.0 Ranged Weapons
 + Level 3.2 Dodging
 + Level 4.0 Stealth


You had 6 spell levels left.
You didn't know any spells.
Your spell library contained the following spells:

 Spells                   Type           Power      Damage    Failure   Level
 Slow                     Hex            0%         N/A       41%         1
 Static Discharge         Conj/Air       0%         2-2/arc   54%         2
 Confusing Touch          Hex            0%         N/A       78%         3
 Frozen Ramparts          Ice            0%         1d1       78%         3
 Stone Arrow              Conj/Erth      0%         3d7       78%         3
 Vampiric Draining        Necr           0%         2d6       78%         3
 Vhi's Electric Charge    Tloc/Air       0%         N/A       78%         3
 Animate Armour           Summ/Erth      0%         N/A       99%         4
 Ice Form                 Ice/Tmut       0%         N/A       99%         4
 Summon Ice Beast         Ice/Summ       0%         N/A       99%         4
 Arcjolt                  Conj/Air       0%         1d10      100%        5
 Lightning Bolt           Conj/Air       0%         1d11      100%        5
 Lehudib's Crystal Spear  Conj/Erth      0%         10d2      100%        8


Dungeon Overview and Level Annotations

Branches:
Dungeon (4/15)
 Temple: D:4-7

Altars:

Shops:
D:1 *   D:2 *


Innate Abilities, Weirdness & Mutations

You are a tree.
Your roots penetrate the ground, keeping you stationary.
You cannot be teleported.
You are immune to unholy pain and torment.
Your maximum health is greatly increased.
Your equipment is partially melded.
You cannot be hasted, slowed, berserked, paralysed or teleported.
You can dig through walls and to a lower floor.
((You have a pair of large antennae on your head. (SInv)))
Your four strong arms can wield two-handed weapons with a shield.


Message History

The ufetubus hits you but does no damage. x2
Ijyb screams, "No!
No, no, no, no!"
Ijyb hits you but does no damage.
The ufetubus hits you but does no damage. x2
You shoot an arrow. The arrow closely misses Ijyb.
The ufetubus hits you but does no damage. x2
Ijyb hits you with a +0 club.
* * * LOW HITPOINT WARNING * * *
The ufetubus hits you.
* * * LOW HITPOINT WARNING * * *
The ufetubus barely misses you.
It was a potion of invisibility.
You fade into invisibility!
Ijyb hits you but does no damage.
The ufetubus hits you but does no damage. x2
It was a potion of resistance.
You feel protected.
The ufetubus hits you but does no damage. x2
Ijyb hits you but does no damage.
The ufetubus hits you but does no damage. x2
You shoot an arrow. The arrow barely misses Ijyb.
Ijyb hits you but does no damage. The ufetubus barely misses you. x2
Ijyb barely misses you.
You shoot an arrow. The arrow hits Ijyb.
You kill Ijyb!
The ufetubus hits you but does no damage. x4
Your Fighting skill increases to level 4!
Your Ranged Weapons skill increases to level 6!
Your Stealth skill increases to level 4!
You shoot an arrow. The arrow hits the ufetubus!
You kill the ufetubus!
The scorpion stings you.
* * * LOW HITPOINT WARNING * * *
You shoot an arrow. The arrow hits the scorpion!
The scorpion is heavily wounded.
The scorpion stings you but does no damage.
You shoot an arrow. The arrow closely misses the scorpion.
The scorpion stings you but does no damage.
The scorpion stings you.
You die...

#.#...#.#######
#^.☼°.........#
######.☼..#.#####.#
°○○..○#○##.#####.#
#§##○○☼○#.....##.#
#☼##°#°☼#..##.##.#
#...§..○#..##.##.#
#°s○☼.○§#........#
#♣§.○.☼☼☼.###.####
#§.§)§°○.°.### #.#
#°○§§°..○§☼○#
#.####
#○°☼°§#####°#
#..... #§..°.# {
.§. ##.... ##§°☼##
... #.##. ○#○#
#.##.


☼°○○ #.##. #.##. You could see a scorpion (unable to see you).

Vanquished Creatures
  Grinder (D:3)
  A jelly (D:4)
  Ijyb (D:4)
  10 adders
  2 ufetubi (D:4)
  2 worms
  3 dart slugs
  2 orcs
  An endoplasm (D:4)
  8 hobgoblins
  4 quokkas
  6 ball pythons
  10 bats
  6 frilled lizards
  7 goblins
  4 kobolds
  4 rats
72 creatures vanquished.

Notes
Turn   | Place    | Note
-------+----------+-------------------------------------------
     0 | D:1      | hikkokomori the Formicid Hunter began the quest for the
                  | Orb.
     0 | D:1      | Reached XP level 1. HP: 16/16 MP: 1/1
   185 | D:1      | Reached XP level 2. HP: 20/23 MP: 2/2
   344 | D:1      | Found Motemp's Assorted Antiques.
   357 | D:1      | Bought a scroll labelled BIOL FUZASK for 31 gold pieces
   693 | D:1      | Reached XP level 3. HP: 19/28 MP: 3/3
  1317 | D:2      | Found Acacs's Assorted Antiques.
  1331 | D:2      | Bought 2 coppery potions for 37 gold pieces
  1365 | D:2      | Reached XP level 4. HP: 34/34 MP: 4/4
  1804 | D:3      | Reached XP level 5. HP: 41/41 MP: 5/5
  1834 | D:3      | Reached skill level 5 in Ranged Weapons
  2163 | D:3      | Noticed Grinder
  2182 | D:3      | Killed Grinder
  2183 | D:3      | Reached XP level 6. HP: 34/48 MP: 6/6
  2317 | D:3      | Reached XP level 7. HP: 45/53 MP: 7/7
  2602 | D:4      | Noticed Ijyb
  2615 | D:4      | HP: 2/53 [constriction (2)]
  2625 | D:4      | HP: 3/79 [ufetubus (1)]
  2629 | D:4      | Killed Ijyb
  2630 | D:4      | Reached skill level 6 in Ranged Weapons
  2630 | D:4      | HP: 1/81 [scorpion (4)]
  2632 | D:4      | Slain by a scorpion

Illustrated notes

Levels and vault maps discovered:
D:1:      dpeg_arrival_pond, layout_loops_corners, serial_shops,
          nicolae_shop_crystal, st_stairs_1, hangedman_decor_clover_reticule,
          minmay_crystal_water
D:2:      layout_rooms, serial_shops, nicolae_shop_overgrown_old_shop,
          hex_medium, nicolae_figureground_sparkle
D:3:      layout_basic, minmay_snake_closets, uniq_grinder
D:4:      layout_loops_cross, minmay_temple_entry_offerings, uniq_ijyb,
          uniq_eustachio, uniq_crazy_yiuf_cottage

Skill      XL: |  1  2  3  4  5  6  7 |
---------------+----------------------+-----
Dodging        | 2 3 |  3.2
Stealth        | 2 3 4 |  4.0
Fighting       | 3 4 |  4.0
Ranged Weapons | 5 6 |  6.0

Action                     |  1- 3 |  4- 6 |  7- 9 || total
---------------------------+-------+-------+-------++-------
   Fire: Shortbow          |    97 |    89 |    49 ||   235
    Use: Potion            |       |       |     6 ||     6
         Scroll            |       |       |     1 ||     1
 Armour: Leather armour    |     6 |    12 |     8 ||    26
         Skin              |       |       |    51 ||    51
  Dodge: Dodged            |    30 |    26 |    25 ||    81

Table legend: (Time is in decaauts)
 A = Elapsed time spent in this place.
 B = Non-inter-level travel time spent in this place.
 C = Inter-level travel time spent in this place.
 D = Time resting spent in this place.
 E = Time spent auto-exploring this place.
 F = Levels seen in this place.
 G = Mean time per level.
                   A        B        C        D        E       F      G
               +--------+--------+--------+--------+--------+-----+--------+
         Total |   2700 |   2589 |    111 |      0 |   2150 |   4 |  675.0 |
       Dungeon |   2700 |   2589 |    111 |      0 |   2150 |   4 |  675.0 |
               +--------+--------+--------+--------+--------+-----+--------+

Top non-repeatable levels by time:
     D:1: 1056 daAuts
     D:3: 789 daAuts
     D:2: 688 daAuts
     D:4: 167 daAuts
